 Dungeon Crawl Stone Soup version 0.18-a0-1125-g2bdabe5 (webtiles) character file.

9727 Arkorax the Martial Artist (level 11, 0/103 HPs)
             Began as a Centaur Monk on Jan 20, 2016.
             Was a High Priest of Nemelex Xobeh.
             Slain by a crocodile (6 damage)
             ... on level 10 of the Dungeon.
             The game lasted 00:20:25 (14645 turns).

Arkorax the Martial Artist (Centaur Monk)          Turns: 14645, Time: 00:20:26

Health: 0/103      AC: 13    Str: 13    XL:     11   Next: 26%
Magic:  16/16      EV:  9    Int: 12    God:    Nemelex Xobeh [*****.]
Gold:   326        SH:  0    Dex: 16    Spells: 0 memorised, 10 levels left

rFire  . . .     SeeInvis +       - Unarmed
rCold  . . .     Gourm    .     I - +4 ring mail of Parlour Games {+Inv Int+3}
rNeg   . . .     Faith    .     (no shield)
rPois  +         Spirit   .     B - +2 helmet
rElec  .         Dismiss  .     (no cloak)
rCorr  .         Reflect  .     i - +0 pair of gloves
SustAt .         Harm     .     (no barding)
MR     +....                    N - amulet of rage
Stlth  +.........               M - ring of see invisible
                                u - ring of poison resistance

@: very quick, somewhat resistant to hostile enchantments, very unstealthy
A: hooves 3, deformed body, speed 2, magic resistance 1, tough skin 3
a: Triple Draw, Deal Four, Stack Five, Renounce Religion, Evoke Berserk Rage,
Evoke Invisibility


You were on level 10 of the Dungeon.
You worshipped Nemelex Xobeh.
Nemelex Xobeh was extremely pleased with you.
You were not hungry.

You visited 2 branches of the dungeon, and saw 11 of its levels.

You collected 596 gold pieces.
You spent 270 gold pieces at shops.

Inventory:

Missiles
 g - 3 poisoned javelins (quivered)
Armour
 i - a +0 pair of gloves (worn)
 y - a +0 chain mail of fire resistance
 B - a +2 helmet (worn)
 I - the +4 ring mail of Parlour Games (worn) {+Inv Int+3}
   (You bought it in a shop on level 4 of the Dungeon)

   It affects your intelligence (+3).
   It lets you turn invisible.
Jewellery
 u - a ring of poison resistance (left hand)
 K - an uncursed amulet of guardian spirit
 M - a ring of see invisible (right hand)
 N - an amulet of rage (around neck)
 T - an uncursed ring of positive energy
 U - a cursed ring of loudness {unknown}
Wands
 e - a wand of random effects (33/48)
 J - a wand of fireball (10/15)
 O - a wand of confusion (31/48)
Scrolls
 a - 8 scrolls of remove curse
 h - 2 scrolls of noise
 m - 6 scrolls of teleportation
 n - 2 scrolls of identify
 t - a scroll of amnesia
 H - 2 scrolls of immolation
Potions
 d - 2 potions of magic
 j - a potion of ambrosia {unknown}
 z - a potion of flight {unknown}
 A - a potion of might {unknown}
 F - a potion of agility
 P - a potion of cancellation {unknown}
 W - a potion of haste {unknown}
Books
 c - a book of the Warp

   Spells                             Type                      Level
   a - Recall                         Summoning/Translocation      3
   b - Gell's Gravitas                Hexes/Translocation          3
   c - Force Lance                    Conjuration/Translocation    4
   d - Phase Shift                    Translocation                5
   e - Warp Weapon                    Charms/Translocation         5
   f - Summon Forest                  Summoning/Translocation      5
 s - a Grand Grimoire

   Spells                             Type                      Level
   a - Monstrous Menagerie            Summoning                    7
   b - Summon Greater Demon           Summoning                    7
   c - Malign Gateway                 Summoning/Translocation      7
   d - Summon Horrible Things         Summoning                    8
 E - a book of Ice

   Spells                             Type                      Level
   a - Ice Form                       Ice/Transmutation            4
   b - Metabolic Englaciation         Hexes/Ice                    5
   c - Ozocubu's Refrigeration        Ice                          6
   d - Bolt of Cold                   Conjuration/Ice              6
   e - Freezing Cloud                 Conjuration/Ice/Air          6
   f - Simulacrum                     Ice/Necromancy               6
 S - a book of Alchemy

   Spells                             Type                      Level
   a - Sublimation of Blood           Necromancy                   2
   b - Ignite Poison                  Fire/Transmutation/Poison    3
   c - Condensation Shield            Ice                          4
   d - Petrify                        Transmutation/Earth          4
   e - Alistair's Intoxication        Transmutation/Poison         5
   f - Irradiate                      Conjuration/Transmutation    5
Miscellaneous
 k - an ornate deck of escape
 l - an ornate deck of escape {drawn: 5}
 v - an ornate deck of war {drawn: 2}
 w - a plain deck of destruction {drawn: 10}
 x - a plain deck of war {drawn: 4}
 R - an ornate deck of escape
 V - a plain deck of destruction {drawn: 8}
Comestibles
 b - 3 bread rations
 f - 3 beef jerkies
 o - 2 meat rations
 q - a royal jelly
 C - 9 slices of pizza
 L - 3 fruits


   Skills:
 * Level 11.6 Fighting
 - Level 2.1 Dodging
 - Level 1.2 Stealth
 * Level 11.8 Unarmed Combat
 + Level 6.9 Evocations


You had 10 spell levels left.
You didn't know any spells.

Dungeon Overview and Level Annotations

Branches:
Dungeon (10/15)            Temple (0/1) D:7            Lair (1/8) D:10
    Orc: D:9-12

Altars:
Ashenzari
Cheibriados
Elyvilon
Fedhas
Gozag
Kikubaaqudgha
Makhleb
Nemelex Xobeh
Okawaru
Pakellas
Xom
Yredelemnul
Zin
The Shining One

Shops:
D:4 %}[   D:8 [

Annotations:
D:8 exclusion: oklob plant


Innate Abilities, Weirdness & Mutations

You have hooves in place of feet.
Armour fits poorly on your strangely shaped body.
You cover ground very quickly.
You have extremely tough skin (AC +3).
You are resistant to hostile enchantments.


Message History

Unknown command.
Evoke which item? (* to show all) (? for menu, Esc to quit)
You draw a card...
It is Swap.
You swap places with the fungus.
The harpy screeches!
The tengu shouts!
Unknown command.
Evoke which item? (* to show all) (? for menu, Esc to quit)
You draw a card...
It is the Elixir.
The harpy claws you.
* * * LOW HITPOINT WARNING * * *
The harpy barely misses you.
Unknown command.
Evoke which item? (* to show all) (? for menu, Esc to quit)
You draw a card...
It is Warpwright.
The harpy screeches!
The harpy claws you!
* * * LOW HITPOINT WARNING * * *
The harpy claws you.
* * * LOW HITPOINT WARNING * * *
The harpy disappears!
The crocodile bites you.
You die...
Your body glows with a rainbow of weird colours and disappears.

..##.#.##.#.# #.#....
.Q##.#..#.#.###############.#....
.H..†.......................'...>
..##.#..###..P.P.##########.#....
..##.#.....♣[..P..P## #.#.#..
####.#(...[♣...P....## #.#.#..
####.#..F...PP.......#### #.#.#..
.........♣..P..t........# #.#.#..
####.#......P..§@.....#'###...#..
#.#...P.......P.........#####.
####......♣...>♣...........# #.
....<......P.[..P...♣.)P...# #.
###.###♣...♣..........†....# #.
#.# #.[....Q............# #. #.#
#P..................#####. #.#
#.♣..........##........... #.#
#.#.........#.............


You could see a crocodile and a tengu.

Vanquished Creatures
  A hill giant (D:10)
  A griffon (D:9)
  A troll (D:9)
  A two-headed ogre (D:8)
  12 yaks
  2 basilisks (D:10)
  A human (D:7)
  A wyvern (D:10)
  2 wraiths (D:7)
  2 hippogriffs
  A swamp worm (D:10)
  6 porcupines
  Purgy (D:4)
  3 sky beasts
  A necrophage (D:7)
  2 ice beasts
  2 phantoms
  3 orc warriors
  3 ogres
  3 centaurs
  A big kobold (D:9)
  2 crocodiles (D:9)
  3 giant frogs
  8 wights
  6 crimson imps
  A giant frog zombie (D:10)
  A gnoll shaman (D:6)
  A jelly (D:10)
  4 human zombies (D:7)
  An iron imp (D:9)
  12 orc priests
  6 hounds
  8 orc wizards
  A quasit (D:9)
  2 giant frog skeletons
  An iguana (D:9)
  2 human skeletons (D:7)
  8 worker ants
  A killer bee zombie (D:8)
  4 sheep (D:7)
  2 mummies (D:7)
  Robin (D:4)
  8 gnolls
  9 adders
  3 river rats (D:10)
  4 shadow imps
  2 oozes
  An adder zombie (D:9)
  2 adder skeletons
  3 worms
  8 giant geckos
  45 orcs
  A ball python (D:2)
  9 bats
  4 giant cockroaches
  8 hobgoblins
  4 jackals (D:2)
  21 kobolds
  6 quokkas
  2 giant gecko skeletons (D:4)
  10 giant newts
  9 goblins
  A jackal skeleton (D:6)
  An orc zombie (D:7)
  8 rats
  A butterfly (D:6)
  A plant (D:10)
296 creatures vanquished.

Vanquished Creatures (collateral kills)
  Psyche (D:9)
  Grinder (D:4)
  A yak (D:9)
  An ogre (D:4)
  A wight (D:9)
  2 gnolls (D:5)
  An adder (D:5)
  An orc (D:9)
  3 goblins (D:4)
  4 hobgoblins (D:4)
  A jackal skeleton (D:4)
17 creatures vanquished.

Vanquished Creatures (others)
  A sky beast (D:4)
  An orc wizard (D:4)
  A bush (D:10)
  A fungus (D:10)
  A plant (D:10)
5 creatures vanquished.

Grand Total: 318 creatures vanquished

Notes
Turn   | Place    | Note
--------------------------------------------------------------
     0 | D:1      | Arkorax the Centaur Monk began the quest for the Orb.
     0 | D:1      | Reached XP level 1. HP: 19/19 MP: 1/1
   265 | D:1      | Reached XP level 2. HP: 26/26 MP: 2/2
   811 | D:2      | Reached XP level 3. HP: 26/33 MP: 3/3
  1389 | D:2      | Reached XP level 4. HP: 23/40 MP: 4/4
  1913 | D:3      | Found a sparkling altar of Nemelex Xobeh.
  1924 | D:3      | Reached skill level 5 in Unarmed Combat
  2114 | D:3      | Found a sparkling altar of Nemelex Xobeh.
  2192 | D:3      | Found a glowing golden altar of the Shining One.
  2348 | D:3      | Became a worshipper of Nemelex Xobeh the Trickster
  2348 | D:3      | Received a gift from Nemelex Xobeh
  2348 | D:3      | Reached * piety under Nemelex Xobeh
  2348 | D:3      | Reached ** piety under Nemelex Xobeh
  2348 | D:3      | Received a gift from Nemelex Xobeh
  2436 | D:3      | Reached XP level 5. HP: 38/47 MP: 5/5
  2461 | D:3      | Found a white marble altar of Elyvilon.
  2631 | D:4      | Found Yffaxkoci's Food Boutique.
  2671 | D:4      | Reached skill level 5 in Fighting
  2823 | D:4      | Reached skill level 1 in Evocations
  2829 | D:4      | Reached XP level 6. HP: 21/56 MP: 6/6
  3062 | D:4      | Noticed Robin
  3074 | D:4      | Killed Robin
  3120 | D:4      | Found Yduf Ifo's Gadget Shop.
  3142 | D:4      | Found Diof's Food Shop.
  3282 | D:4      | Reached skill level 6 in Unarmed Combat
  3884 | D:4      | Noticed Grinder
  3891 | D:4      | Noticed a wyvern
  3894 | D:4      | Paralysed by Grinder for 2 turns
  3897 | D:4      | Killed Grinder
  3897 | D:4      | Reached XP level 7. HP: 62/62 MP: 8/8
  3967 | D:4      | Found an iron altar of Okawaru.
  3969 | D:4      | Found a burning altar of Makhleb.
  3970 | D:4      | Found an opulent altar of Gozag.
  4330 | D:4      | Noticed Purgy
  4346 | D:4      | Killed Purgy
  4643 | D:4      | Found Xish's Antique Armour Shoppe.
  4817 | D:5      | Entered Level 5 of the Dungeon
  4830 | D:5      | Reached skill level 7 in Unarmed Combat
  4952 | D:5      | Reached *** piety under Nemelex Xobeh
  5057 | D:5      | Received a gift from Nemelex Xobeh
  5195 | D:5      | Found a shattered altar of Ashenzari.
  5432 | D:4      | Bought a polished ring mail for 270 gold pieces
  5442 | D:4      | Identified the +4 ring mail of Parlour Games {+Inv Int+3} (You bought it in a shop on level 4 of the Dungeon)
  5456 | D:4      | Gained mutation: You are resistant to hostile enchantments. [potion of beneficial mutation]
  5606 | D:5      | Reached XP level 8. HP: 22/71 MP: 10/10
  6170 | D:6      | Found a shimmering altar of Xom.
  7064 | D:6      | Received a gift from Nemelex Xobeh
  7385 | D:5      | Reached skill level 8 in Unarmed Combat
  7814 | D:7      | Reached **** piety under Nemelex Xobeh
  7936 | D:7      | Found a staircase to the Ecumenical Temple.
  7988 | D:7      | Found a glowing silver altar of Zin.
  8164 | D:7      | Reached XP level 9. HP: 63/82 MP: 12/12
  8329 | D:7      | Received a gift from Nemelex Xobeh
  8423 | D:7      | Found a basalt altar of Yredelemnul.
  8433 | D:7      | Reached skill level 9 in Unarmed Combat
  9195 | D:8      | Reached skill level 5 in Evocations
  9300 | D:8      | Found Calaluic's Armour Shoppe.
  9313 | D:8      | Found a blossoming altar of Fedhas.
  9324 | D:8      | Noticed an oklob plant
  9618 | D:8      | Received a gift from Nemelex Xobeh
 10029 | D:9      | Noticed a troll
 10041 | D:9      | Killed a troll
 10041 | D:9      | Reached skill level 10 in Unarmed Combat
 10066 | D:9      | Reached XP level 10. HP: 93/93 MP: 12/14
 10119 | D:9      | Noticed Psyche
 10129 | D:9      | Killed Psyche
 10135 | D:9      | Found an ancient bone altar of Kikubaaqudgha.
 10190 | D:9      | Reached ***** piety under Nemelex Xobeh
 10190 | D:9      | Received a gift from Nemelex Xobeh
 10241 | D:9      | Reached skill level 10 in Fighting
 10560 | D:9      | Found a snail-covered altar of Cheibriados.
 10560 | D:9      | Received a gift from Nemelex Xobeh
 10682 | D:10     | Entered Level 10 of the Dungeon
 11560 | D:10     | Noticed a hill giant
 12129 | D:9      | Noticed a griffon
 12144 | D:9      | Reached skill level 11 in Unarmed Combat
 12155 | D:9      | Killed a griffon
 12744 | D:10     | Noticed a hill giant
 12745 | D:10     | a hill giant changed into a swamp worm
 12779 | D:10     | Found a staircase to the Lair.
 12817 | D:10     | Received a gift from Nemelex Xobeh
 13298 | D:10     | Found an oddly glowing altar of Pakellas.
 13327 | D:10     | Reached XP level 11. HP: 30/102 MP: 15/15
 14246 | Lair:1   | Entered Level 1 of the Lair of Beasts
 14290 | D:10     | Noticed a harpy
 14290 | D:10     | a spiny frog changed into a harpy
 14293 | D:10     | Noticed a hill giant
 14630 | D:10     | Killed a hill giant
 14645 | D:10     | Slain by a crocodile

Vault maps used:
D:1:      dpeg_arrival_stonehenge_8_columns
D:3:      elyvilon_altar_5, lemuel_crystal_altar, lemuel_crystal_altar,
          nemelex_altar_shiori
D:4:      minitemple, serial_shops, shop, nicolae_shop_stone, kennysheep_mini,
          shop, minmay_misc_feat_square, st_stairs_10, kennysheep_doodads,
          uniq_robin, uniq_grinder, uniq_purgy
D:5:      evilmike_ruin_ashenzari, first_bread
D:6:      xom_butterflies, minmay_misc_feat_rugged
D:7:      lemuel_mausoleum_altar_yredelemnul, nicolae_overflow_crystal_walls,
          minmay_temple_entry_poolview, grunt_livestock
D:8:      tgw_fedhas, serial_shops, nicolae_shop_crystal
D:9:      kiku_gazebo_pond_becter, slow_altar_2, hex_intersection,
          grunt_ministairs_9, uniq_psyche
D:10:     minmay_lair_entry_grove, basic_altar
Lair:1:   basic_altar, serial_bayou_lake_a, grunt_megastairs_4, uniq_joseph

Action                   |  1- 3 |  4- 6 |  7- 9 | 10-12 || total
-------------------------+-------+-------+-------+-------++-------
Melee: Unarmed           |   126 |   263 |   591 |   417 ||  1397
Evoke: Deck              |       |     3 |    13 |    25 ||    41
  Use: Potion            |       |     4 |     4 |     5 ||    13
       Scroll            |       |       |    15 |     3 ||    18
  Eat: Bread ration      |     1 |     1 |     4 |     2 ||     8
       Chunk             |       |     1 |       |     1 ||     2
       Meat ration       |       |       |       |     1 ||     1
